 Dungeon Crawl Stone Soup version 0.25.0-46-gbd7b0854d2 (webtiles) character file.

Game seed: 3707476751330444255

22635 Dirian the Severer (level 12, -5/106 HPs)
             Began as a Minotaur Fighter on July 12, 2020.
             Was a High Priest of Makhleb.
             Killed from afar by a smoke demon (9 damage)
             ... with a ball of steam
             ... summoned by an orc sorcerer
             ... on level 2 of the Orcish Mines.
             The game lasted 00:25:37 (14192 turns).

Dirian the Severer (Minotaur Fighter)              Turns: 14192, Time: 00:25:38

Health: -5/106     AC: 16    Str: 26    XL:     12   Next: 64%
Magic:  25/25      EV:  6    Int: 15    God:    Makhleb [*****.]
Gold:   1515       SH: 14    Dex: 10    Spells: 11/11 levels left

rFire    . . .     SeeInvis +   C - +2 broad axe (flame)
rCold    . . .     Gourm    .   D - +2 kite shield
rNeg     . . .     Faith    +   G - +0 plate armour
rPois    +         Spirit   .   (helmet restricted)
rElec    .         Reflect  .   A - +0 cloak
rCorr    .         Harm     .   i - +2 pair of gloves
MR       .....                  p - +0 pair of boots
Stlth    ..........             g - amulet of faith
HPRegen  0.27/turn              j - ring "Qeyxt" {rPois MP+9 Int+4 SInv}
MPRegen  0.19/turn              l - +6 ring of intelligence

@: no status effects
A: retaliatory headbutt, horns 2, deformed body
a: Minor Destruction, Lesser Servant of Makhleb, Major Destruction, Greater
Servant of Makhleb, Renounce Religion


You were on level 2 of the Orcish Mines.
You worshipped Makhleb.
Makhleb was extremely pleased with you.
You were not hungry.

You visited 3 branches of the dungeon, and saw 14 of its levels.

You collected 1921 gold pieces.
You spent 406 gold pieces at shops.

Inventory:

Hand Weapons
 a - a +1 war axe
 C - a +2 broad axe of flaming (weapon)
Armour
 i - a +2 pair of gloves (worn)
 m - a +1 chain mail of fire resistance
 p - a +0 pair of boots (worn)
 v - a +1 chain mail of cold resistance
 A - a +0 cloak (worn)
 D - a +2 kite shield (worn)
 G - a +0 plate armour (worn)
Jewellery
 g - an amulet of faith (around neck)
 j - the ring "Qeyxt" (left hand) {rPois MP+9 Int+4 SInv}
   (You found it on level 7 of the Dungeon)

   [ring of magical power]

   It affects your intelligence (+4).
   It protects you from poison.
   It affects your magic capacity (+9).
   It lets you see invisible.
 l - a +6 ring of intelligence (right hand)
Wands
 h - a wand of iceblast (4)
 s - a wand of flame (35)
 y - a wand of acid (6)
 z - a wand of polymorph (27)
Scrolls
 c - a scroll of enchant armour
 k - a scroll of magic mapping
 r - 4 scrolls of identify
 t - a scroll of teleportation
 x - 6 scrolls of remove curse
Potions
 d - 3 potions of might
 f - 3 potions of mutation
 n - 3 potions of resistance
 o - 2 potions of flight
 q - 3 potions of curing
 u - a potion of magic
 w - 2 potions of heal wounds
 B - a potion of cancellation {unknown}
 F - a potion of haste {unknown}
Comestibles
 b - 11 chunks of flesh
 e - 29 rations


   Skills:
 + Level 9.7 Fighting
 + Level 16.4 Axes
   Level 0.2(11.1) Maces & Flails
 + Level 10.5 Armour
 + Level 10.4 Shields
 * Level 7.5 Invocations


You had 11 spell levels left.
You didn't know any spells.
Your spell library contained the following spells:

 Spells                   Type           Power        Failure   Level  Hunger
 Corona                   Hex            #......      99%         1    ##.....
 Magic Dart               Conj           #...         99%         1    ##.....
 Ensorcelled Hibernation  Hex/Ice        #.....       100%        2    ###....
 Searing Ray              Conj           #.....       100%        2    ###....
 Confusing Touch          Hex            #.......     100%        3    ####...
 Dazzling Flash           Conj/Hex       #.....       100%        3    ####...
 Tukima's Dance           Hex            #.......     100%        3    ####...
 Fulminant Prism          Conj/Hex       #.........   100%        4    #####..
 Iskenderun's Mystic Bla  Conj/Tloc      #.......     100%        4    #####..
 Sticky Flame             Conj/Fire      #.......     100%        4    #####..
 Bolt of Magma            Conj/Fire/Erth #.........   100%        5    ######.
 Fireball                 Conj/Fire      #.........   100%        5    ######.
 Iskenderun's Battlesphe  Conj/Chrm      #.......     100%        5    ######.
 Conjure Ball Lightning   Conj/Air       #.........   100%        6    #######
 Iron Shot                Conj/Erth      #.........   100%        6    #######
 Orb of Destruction       Conj           #.........   100%        7    #######
 Spellforged Servitor     Conj/Summ      #.........   100%        7    #######


Dungeon Overview and Level Annotations

Branches:
Dungeon (11/15)            Temple (1/1) D:7             Orc (2/2) D:9
    Elf (0/3) Orc:2
   Lair: D:8-11

Altars:
Ashenzari
Cheibriados
Dithmenos
Elyvilon
Fedhas
Gozag
Hepliaklqana
Kikubaaqudgha
Makhleb
Nemelex Xobeh
Okawaru
Qazlal
Ru
Sif Muna
Trog
Uskayaw
Vehumet
Wu Jian
Xom
Yredelemnul
Zin
The Shining One
Jiyva

Shops:
D:6 :   D:9 !%   Orc:2 *%

Annotations:
Orc:2 1 runed translucent door, krystol's ghost, adept GnAr


Innate Abilities, Weirdness & Mutations

You reflexively headbutt those who attack you in melee.
You have a pair of horns on your head.
Armour fits poorly on your strangely shaped body.


Message History

You hit the hellwing. You burn the hellwing.
You headbutt the hellwing, but do no damage.
The hellwing is lightly wounded.
Your shield and plate armour prevent you from hitting the smoke demon.
Your plate armour prevents you from hitting the hellwing.
Your plate armour prevents you from hitting the orc sorcerer.
The hellwing hits you!
* * * LOW HITPOINT WARNING * * *
You block the hellwing's attack. The hellwing hits you!
* * * LOW HITPOINT WARNING * * *
You block the hellwing's attack.
You closely miss the hellwing.
You headbutt the hellwing, but do no damage.
The hellwing is lightly wounded.
You hit the smoke demon. You slash the hellwing! You burn the hellwing.
You hit the orc sorcerer but do no damage.
The orc sorcerer hits you but does no damage.
The smoke demon gestures at you. The ball of steam hits you!
You die...

#........###...##
##... ##...
........###...##
#... ##..
..####.###.#.##
.##.#. ##[ ..#
####..)## #.. #...
## .## ##.#)## #..#
##. ## ##...##
###..# ##.. ##...##
.#..# ##...
##..4##o3. ##...)
##..@#.#.#...
##.....
##34oo.....###......
##.#...#.###.......
##.....###........
#...###.........
#.###..........
###...........
##.#..[...#...
#.........#...


You could see 2 hellwings, a smoke demon (summoned) and 2 orc sorcerers.

Vanquished Creatures
  The ghost of SamuraiZach the Basher, a novice TrBe of Trog (D:8)
  A two-headed ogre (D:9)
  A death yak (D:11)
  2 orc high priests
  5 orc knights
  3 orc sorcerers
  Maggie (D:8)
  An efreet (D:11)
  2 hellwings (Orc:2)
  An ice devil (Orc:2)
  4 trolls
  5 hippogriffs
  4 slime creatures
  5 dream sheep (D:11)
  A spriggan (D:10)
  A hungry ghost (D:10)
  12 yaks
  2 neqoxecs (Orc:2)
  2 humans
  A chaos spawn (Orc:2)
  3 wargs
  A water moccasin (D:8)
  2 sky beasts
  3 ice beasts
  4 phantoms
  2 black bears
  33 orc warriors
  A necrophage (D:10)
  10 ogres
  3 centaurs
  A crocodile (D:7)
  6 bullfrogs
  3 scorpions
  3 killer bees (D:9)
  3 howler monkeys
  3 crimson imps
  A quasit (D:10)
  4 hounds
  2 jellies (D:8)
  16 orc wizards
  32 orc priests
  A centaur skeleton (D:4)
  5 iguanas
  6 worker ants
  2 killer bee zombies
  A hound zombie (D:7)
  2 worker ant zombies
  5 gnolls
  14 adders
  3 shadow imps
  2 oozes
  An adder skeleton (D:4)
  An adder zombie (D:9)
  3 worms
  7 leopard geckos
  74 orcs
  3 ball pythons
  5 bats
  4 giant cockroaches
  6 goblins
  9 hobgoblins
  3 jackals
  2 kobolds (D:1)
  5 quokkas
  8 frilled lizards
  A leopard gecko skeleton (D:8)
  2 quokka skeletons
  13 rats
379 creatures vanquished.

Vanquished Creatures (collateral kills)
  An orc warrior (Orc:2)
  An orc priest (Orc:2)
2 creatures vanquished.

Vanquished Creatures (others)
  A human (D:11)
1 creature vanquished.

Grand Total: 382 creatures vanquished

Notes
Turn   | Place    | Note
-------+----------+-------------------------------------------
     0 | D:1      | Dirian the Minotaur Fighter began the quest for the Orb.
     0 | D:1      | Reached XP level 1. HP: 19/19 MP: 0/0
    57 | D:1      | Reached XP level 2. HP: 27/27 MP: 1/1
   267 | D:1      | Reached skill level 3 in Axes
   311 | D:1      | Reached XP level 3. HP: 32/33 MP: 2/2
  1002 | D:2      | Reached skill level 4 in Axes
  1002 | D:2      | Reached XP level 4. HP: 40/40 MP: 3/3
  1143 | D:2      | Found a shimmering blue altar of Sif Muna.
  1685 | D:3      | Reached skill level 5 in Axes
  1685 | D:3      | Reached XP level 5. HP: 42/46 MP: 4/4
  1764 | D:3      | Found a bloodstained altar of Trog.
  2520 | D:4      | Noticed a phantom
  2559 | D:4      | Killed a phantom
  2559 | D:4      | Reached skill level 6 in Axes
  2559 | D:4      | Reached XP level 6. HP: 39/53 MP: 5/5
  2818 | D:4      | Reached skill level 7 in Axes
  2818 | D:4      | Reached skill level 5 in Armour
  2897 | D:4      | Reached XP level 7. HP: 35/60 MP: 6/6
  3139 | D:4      | Reached skill level 5 in Shields
  3482 | D:5      | Entered Level 5 of the Dungeon
  3666 | D:5      | Reached skill level 8 in Axes
  4207 | D:6      | Reached skill level 5 in Fighting
  4207 | D:6      | Reached XP level 8. HP: 40/68 MP: 7/7
  4342 | D:6      | Found a white marble altar of Elyvilon.
  4382 | D:6      | Reached skill level 9 in Axes
  4543 | D:6      | Found Lumperau's Book Shop.
  4743 | D:6      | Reached skill level 10 in Axes
  5527 | D:7      | Noticed a slime creature
  5546 | D:7      | Killed a slime creature
  5604 | D:7      | Got a sparkling ivory ring
  5609 | D:7      | Noticed a seven-headed hydra
  5624 | D:7      | HP: 3/69 [seven-headed hydra (3)]
  5657 | D:7      | HP: 3/69 [seven-headed hydra (7)]
  5701 | D:7      | HP: 2/69 [seven-headed hydra (8)]
  5864 | D:7      | Identified the cursed +2 hand axe of Fedhas's Condemnation
                  | {vorpal, Dex+4}
  5906 | D:7      | Identified the ring "Qeyxt" {rPois MP+9 Int+4 SInv} (You
                  | found it on level 7 of the Dungeon)
  6136 | D:7      | Reached skill level 11 in Axes
  6179 | D:7      | Reached XP level 9. HP: 47/74 MP: 8/8
  6512 | D:7      | Identified the Catalogue of Confrontation
  6584 | D:7      | Found a staircase to the Ecumenical Temple.
  7052 | Temple   | Entered the Ecumenical Temple
  7119 | Temple   | Became a worshipper of Makhleb the Destroyer
  7293 | D:8      | Found a blossoming altar of Fedhas.
  7383 | D:8      | Noticed Maggie
  7392 | D:8      | Killed Maggie
  7392 | D:8      | Reached skill level 1 in Invocations
  7395 | D:8      | Reached skill level 12 in Axes
  7559 | D:8      | Found a shimmering altar of Xom.
  7888 | D:8      | Found a runed translucent gate.
  7888 | D:8      | Found a runed translucent gate.
  7888 | D:8      | Found a runed translucent gate.
  7919 | D:8      | Reached * piety under Makhleb
  8041 | D:8      | Reached XP level 10. HP: 76/83 MP: 10/10
  8441 | D:8      | Noticed SamuraiZach's ghost (novice TrBe)
  8443 | D:8      | Found a viscous altar of Jiyva.
  8863 | D:9      | Noticed a two-headed ogre
  8876 | D:9      | Killed a two-headed ogre
  8876 | D:9      | Reached skill level 13 in Axes
  8902 | D:9      | Found a basalt altar of Yredelemnul.
  8924 | D:9      | Found Suga's Distillery.
  8935 | D:9      | Bought a potion of heal wounds for 70 gold pieces
  8935 | D:9      | Bought a potion of might for 56 gold pieces
  8935 | D:9      | Bought a potion of resistance for 140 gold pieces
  8935 | D:9      | Bought a potion of resistance for 140 gold pieces
  9015 | D:9      | Found a staircase to the Orcish Mines.
  9370 | D:9      | Found Puothreu's Food Emporium.
  9407 | D:9      | Found a sacrificial altar of Ru.
  9695 | D:8      | Killed SamuraiZach's ghost
  9696 | D:8      | Reached ** piety under Makhleb
  9722 | D:8      | Reached skill level 14 in Axes
  9844 | D:10     | Entered Level 10 of the Dungeon
  9909 | D:10     | Reached XP level 11. HP: 73/92 MP: 13/13
 10202 | D:10     | Reached *** piety under Makhleb
 10457 | D:10     | Identified a scroll of acquirement
 10457 | D:10     | Acquired 460 gold pieces
 10497 | D:11     | Noticed a death yak
 10497 | D:11     | Noticed a death yak
 10497 | D:11     | Noticed a death yak
 10497 | D:11     | Noticed a death yak
 10524 | D:11     | Reached skill level 5 in Invocations
 10780 | D:11     | Killed a death yak
 10780 | D:11     | Reached skill level 15 in Axes
 10904 | D:11     | Noticed a death yak
 10905 | D:11     | Noticed a death yak
 10996 | Orc:1    | Entered Level 1 of the Orcish Mines
 10996 | Orc:1    | Noticed an orc sorcerer
 11489 | Orc:1    | Killed an orc sorcerer
 11519 | Orc:1    | Noticed an orc knight
 11554 | D:9      | Killed an orc knight
 11639 | Orc:1    | Reached **** piety under Makhleb
 11645 | Orc:1    | Noticed an orc knight
 11888 | Orc:1    | Killed an orc knight
 12085 | Orc:2    | Entered Level 2 of the Orcish Mines
 12085 | Orc:2    | Found a staircase to the Elven Halls.
 12092 | Orc:2    | Reached skill level 10 in Armour
 12147 | Orc:2    | Noticed an orc high priest
 12162 | Orc:1    | Reached XP level 12. HP: 65/103 MP: 15/15
 12312 | Orc:1    | Killed an orc high priest
 12545 | Orc:2    | Reached ***** piety under Makhleb
 12729 | Orc:2    | Found a runed translucent door.
 12730 | Orc:2    | Found a shimmering altar of Xom.
 12730 | Orc:2    | Noticed krystol's ghost (adept GnAr)
 12731 | Orc:2    | Identified the +6 scimitar "Weleucwai" {chaos, *Noise rPois
                  | Int-4 Dex+8}
 13189 | Orc:2    | Found Didocyosch's Food Emporium.
 13194 | Orc:2    | Found Uxkug's General Store.
 13632 | Orc:2    | Reached skill level 10 in Shields
 13633 | Orc:2    | Reached skill level 16 in Axes
 13921 | Orc:2    | Gained mutation: Armour fits poorly on your strangely
                  | shaped body. [a neqoxec]
 14052 | Orc:2    | Noticed an orc high priest
 14068 | Orc:2    | Killed an orc high priest
 14184 | Orc:2    | Paralysed by an orc sorcerer for 5 turns
 14191 | Orc:2    | HP: 4/106 [hellwing[an orc sorcerer] (10)]
 14192 | Orc:2    | Killed from afar by a smoke demon

Illustrated notes

Levels and vault maps discovered:
D:1:      nzn_arrival_settlement, layout_rooms
D:2:      layout_loops_ring, lemuel_blue_sif_altar, serial_rivers,
          chequers_serial_rivers_small_3, chequers_serial_rivers_small_3,
          chequers_serial_rivers_marsh, chequers_serial_rivers_marsh
D:3:      layout_basic, lemuel_doored_altar, first_ration
D:4:      layout_basic, kennysheep_generic_room_7
D:5:      layout_loops_cross, kennysheep_generic_room_6
D:6:      layout_basic, nicolae_overflow_crystal_walls, serial_shops,
          nicolae_shop_stone
D:7:      minmay_the_grid_four_pointed_star
          [minmay_the_grid_triangle_9x9_checkered,
          minmay_the_grid_triangle_9x9_empty,
          minmay_the_grid_triangle_9x9_limited_checkers,
          minmay_the_grid_triangle_9x9_zippers_vertical,
          minmay_the_grid_prize_trominoes], layout_basic,
          minmay_temple_entry_antechambers, roderic_lattice_a
D:8:      minmay_distorted_concentric_squares, layout_layer_cave,
          overflow_temple_1_default, fedhas_ov_isle_minmay,
          gammafunk_ghost_ooze, uniq_maggie
D:9:      layout_basic, kennysheep_mini, erik_orc_3, serial_shops, shop,
          nicolae_shop_window_shopping, serial_glass, glass_columns_c,
          glass_columns_b, glass_columns_c, glass_columns_a, glass_columns_a,
          glass_columns_a, minmay_strange_pillars, item_on_display_a,
          yredelemnul_altar_generic
D:10:     layout_rooms, hangedman_stone_soup
D:11:     slaughterhouse, layout_basic, erik_lair_orcish_takeover,
          serial_curves, eino_curves_01, eino_curves_03, grunt_ministairs_11,
          uniq_psyche
Temple:   eino_temple_rhombus
Orc:1:    layout_caves
Orc:2:    pf_orc_diabolical, layout_caves, ebering_ghost_xom

Skill      XL: |  1  2  3  4  5  6  7  8  9 10 11 12 |
---------------+-------------------------------------+-----
Axes           | 3 4 5 6 7 8 11 12 14 15 16 | 16.4
Fighting       | 4 5 6 7 8 9 |  9.7
Shields        | 4 5 6 7 8 9 10 | 10.4
Armour         | 4 5 6 8 9 10 | 10.5
Invocations    | 2 4 6 7 |  7.5
Maces & Flails | |  0.2

Action                   |  1- 3 |  4- 6 |  7- 9 | 10-12 || total
-------------------------+-------+-------+-------+-------++-------
Melee: War axe           |    63 |   136 |   161 |       ||   360
       Headbutt          |    11 |    18 |    51 |   109 ||   189
       Hand axe          |       |       |   110 |       ||   110
       Flail             |       |       |     5 |       ||     5
       Broad axe         |       |       |    20 |   562 ||   582
Invok: Lesser Servant of |       |       |       |     2 ||     2
Evoke: Wand              |       |       |     4 |       ||     4
  Use: Scroll            |       |    11 |    10 |     4 ||    25
       Potion            |       |       |     1 |       ||     1
 Stab: Invisible         |       |       |     1 |       ||     1
  Eat: Chunk             |       |     6 |    17 |    21 ||    44
Armor: Scale mail        |    35 |    34 |       |       ||    69
       Chain mail        |       |    13 |   133 |   101 ||   247
       Plate armour      |       |       |       |    89 ||    89
Dodge: Dodged            |    16 |    29 |    52 |    99 ||   196
Block: Kite shield       |    30 |    63 |   160 |   331 ||   584
